 Dungeon Crawl Stone Soup version 0.31-a0-542-gdc2a67831c (webtiles) character file.

Game seed: 1780459250655496381

103775 EnegeticOcto the Agent of Entropy (level 15, -3/138 HPs)
             Began as a Pale Draconian Wanderer on Aug 14, 2023.
             Was a Priest of Lugonu.
             Killed by a fireball (31 damage)
             ... invoked by the fury of Makhleb
             ... on level 2 of the Shoals.
             The game lasted 01:02:41 (28730 turns).

EnegeticOcto the Agent of Entropy (DrWn)           Turns: 28730, Time: 01:02:42

Health: -3/138     AC: 22    Str: 15    XL:     15   Next: 90%
Magic:  11/26      EV: 18    Int: 14    God:    Lugonu [***...]
Gold:   763        SH:  6    Dex: 18    Spells: 16/24 levels left

rFire   . . .        c - +7 Throatcutter {drain, coup de grace}
rCold   . . .        V - +0 buckler
rNeg    . . .        (body armour unavailable)
rPois   .            (helmet restricted)
rElec   .            S - +2 cloak
rCorr   .            e - +2 pair of gloves
SInv    .            o - +2 pair of boots "Jaophut" {Dex+2}
Will    ++...        K - amulet of faith
Stlth   +++          D - ring of willpower
HPRegen 0.43/turn    u - +4 ring of protection
MPRegen 0.20/turn

%: faith
@: no status effects
A: breathe steam, AC +9, unfitting armour, cold-blooded, steam resistance
a: Breathe Steam, Renounce Religion, Depart the Abyss, Banish


You were on level 2 of the Shoals.
You worshipped Lugonu.
Lugonu was most pleased with you.
You visited 5 branches of the dungeon, and saw 25 of its levels.
You visited the Abyss 1 time.
You also visited: Sewer and Volcano.

You collected 2558 gold pieces.
You spent 1795 gold pieces at shops.

Inventory:

Hand Weapons
 c - the +7 Throatcutter (weapon) {drain, coup de grace}
   (You took it off Terence on level 3 of the Dungeon)
 h - the +2 scimitar "Mesmot Buwo" {freeze, rF+ Str+4 Dex+2}
   (You found it on level 7 of the Dungeon)

   Str+4:     It affects your strength (+4).
   Dex+2:     It affects your dexterity (+2).
   rF+:       It protects you from fire.
 F - a +2 demon blade of flaming
   (You found it on level 12 of the Dungeon)
 I - a +4 vampiric dagger
   (You took it off an orc wizard on level 7 of the Dungeon)
 U - the +7 dagger "Garo Bienu" {flame, rElec rPois Int-4}
   (You found it on level 13 of the Dungeon)

   Int-4:     It affects your intelligence (-4).
   rElec:     It insulates you from electricity.
   rPois:     It protects you from poison
Missiles
 m - 9 curare-tipped darts
 G - 2 throwing nets (quivered) {!f}
Armour
 e - a +2 pair of gloves (worn)
   (You found it on level 3 of the Dungeon)
 o - the +2 pair of boots "Jaophut" (worn) {Dex+2}
   (You acquired it on level 4 of the Dungeon)

   Dex+2:     It affects your dexterity (+2).
 R - a +1 tower shield of fire resistance
   (You took it off a vault guard on level 13 of the Dungeon)
 S - a +2 cloak (worn)
   (You found it on level 10 of the Dungeon)
 V - a +0 buckler (worn)
   (You took it off a tengu conjurer on level 13 of the Dungeon)
Jewellery
 b - a ring of resist corrosion
   (You found it on level 5 of the Lair of Beasts)
 u - a +4 ring of protection (right hand)
   (You bought it in a shop on level 2 of the Orcish Mines)
 D - a ring of willpower (left hand)
   (You bought it in a shop on level 2 of the Orcish Mines)
 H - a ring of flight
   (You found it on level 13 of the Dungeon)
 K - an amulet of faith (around neck)
   (You found it on level 7 of the Dungeon)
 L - a ring of protection from cold
   (You found it on level 9 of the Dungeon)
 Q - a ring of fire
   (You found it on level 10 of the Dungeon)
 X - a ring of protection from cold
   (You found it on level 5 of the Lair of Beasts)
Wands
 i - a wand of flame (71) {@v4}
 B - a wand of polymorph (6)
   (You took it off a goblin on level 4 of the Dungeon)
 J - a wand of mindburst (13)
   (You found it on level 9 of the Dungeon)
 O - a wand of iceblast (5) {@v2}
   (You found it on level 9 of the Dungeon)
 P - a wand of acid (1) {@v1}
   (You found it on level 10 of the Dungeon)
 W - a wand of paralysis (25)
   (You found it on level 1 of the Lair of Beasts)
Scrolls
 d - 3 scrolls of fear {!r}
 g - a scroll of silence {!r}
 p - 3 scrolls of blinking {@r4}
 q - 3 scrolls of teleportation {@r3 !r}
 t - 3 scrolls of fog {!r}
 v - 5 scrolls of revelation {@r5 !r}
 w - 5 scrolls of immolation
 y - a scroll of poison
 A - a scroll of torment
 E - a scroll of vulnerability
 T - 4 scrolls of butterflies
 Y - 9 scrolls of identify {@r1}
Potions
 f - 6 potions of brilliance
 j - a potion of attraction
 k - 3 potions of heal wounds {@q2 !q}
 l - 4 potions of enlightenment
 n - 6 potions of magic
 r - a potion of resistance
 s - 2 potions of cancellation
 x - 4 potions of berserk rage
 z - 7 potions of curing {@q1 !q}
 C - 5 potions of haste {@q4 !q}
 M - a potion of might {@q3 !q}
 N - 4 potions of lignification {@q6}
 Z - a potion of invisibility
Miscellaneous
 a - a phial of floods
   (You found it on level 5 of the Lair of Beasts)


   Skills:
 - Level 14.0 Fighting
 - Level 2.0(9.2) Short Blades
 - Level 13.9(14.0) Long Blades
 - Level 10.0 Dodging
 - Level 4.0 Stealth
 + Level 7.1 Shields
 - Level 5.0 Spellcasting
 - Level 1.0 Summonings
 - Level 5.0 Transmutations
 - Level 7.0 Ice Magic
 - Level 1.0 Poison Magic
 - Level 15.0 Invocations
 - Level 8.0 Evocations


You had 16 spell levels left.
You knew the following spells:

 Your Spells              Type           Power      Damage    Failure   Level
a - Sting                 Tmut/Pois      44%        1d5       6%          1
b - Summon Small Mammal   Summ           24%        N/A       14%         1
c - Ozocubu's Armour      Ice            23%        N/A       3%          3
d - Apportation           Tloc           6%         N/A       22%         1
Y - Blink                 Tloc           6%         N/A       32%         2

Your spell library contained the following spells:

 Spells                   Type           Power      Damage    Failure   Level
 Frozen Ramparts          Ice            46%        1d7       3%          3
 Wereblood                Tmut           17%        N/A       4%          2
 Magic Dart               Conj           12%        1d3       22%         1
 Necrotise                Necr           12%        1d4       22%         1
 Call Imp                 Summ           12%        N/A       22%         2
 Cigotuvi's Dreadful Rot  Necr/Pois/Air  8%         N/A       28%         2
 Lesser Beckoning         Tloc           6%         N/A       32%         2
 Scorch                   Fire           6%         2d5       32%         2
 Call Canine Familiar     Summ           6%         N/A       38%         3
 Summon Guardian Golem    Hex/Summ       4%         N/A       45%         3
 Mephitic Cloud           Conj/Pois/Air  4%         N/A       50%         3
 Gell's Gravitas          Tloc           3%         N/A       54%         3
 Portal Projectile        Hex/Tloc       6%         N/A       54%         3
 Teleport Other           Tloc           3%         N/A       54%         3
 Petrify                  Tmut/Erth      10%        N/A       58%         4
 Metabolic Englaciation   Hex/Ice        6%         N/A       80%         5
 Dispel Undead            Necr           3%         3d7       91%         4
 Flame Wave               Conj/Fire      3%         2d5       91%         4
 Leda's Liquefaction      Hex/Erth       1%         N/A       91%         4
 Manifold Assault         Tloc           3%         N/A       91%         4
 Death Channel            Necr           1%         N/A       100%        6
 Summon Cactus Giant      Summ           3%         N/A       100%        6
 Ozocubu's Refrigeration  Ice            11%        4d10      100%        7


Dungeon Overview and Level Annotations

Branches:
Dungeon (15/15) Zot: 24143  Temple (1/1) D:6 Zot: 5989    Lair (5/5) D:11 Zot: 23944
 Shoals (2/4) Lair:3 Zot: 9396   Snake (0/4) Lair:3        Slime (0/5) Lair:5
    Orc (2/2) D:10 Zot: 10385     Elf (0/3) Orc:2        Vaults (0/5) D:13
 Depths (0/4) D:15          Sewer (visited)         Volcano (visited)

Altars:
Ashenzari
Cheibriados
Dithmenos
Elyvilon
Fedhas
Gozag
Hepliaklqana
Kikubaaqudgha
Makhleb
Nemelex Xobeh
Okawaru
Qazlal
Ru
Sif Muna
Trog
Uskayaw
Vehumet
Wu Jian
Xom
Yredelemnul
Zin
The Shining One

Shops:
D:9 !   D:12 :   D:15 !   Orc:2 *=[*

Annotations:
Abyss:1 Mlioglotl


Innate Abilities, Weirdness & Mutations

You can breathe blasts of scalding, opaque steam.
Your pale cyan-grey scales are hard. (AC +9)
You cannot fit into any form of body armour.
You are cold-blooded and may be slowed by cold attacks.
You are immune to the effects of steam.


Message History

Casting: Ozocubu's Armour (mildly dangerous; 3% risk of failure)
Confirm with . or Enter, or press ? or * to list all spells.
A film of ice covers your body!
The merfolk impaler hits you with a +0 trident!
* * * LOW HITPOINT WARNING * * *
The merfolk misses you. The merfolk barely misses you.
The merfolk impaler misses you.
You slash the merfolk! You drain the merfolk.
The merfolk is almost dead.
The merfolk impaler hits you with a +0 trident!
* * * LOW HITPOINT WARNING * * *
The merfolk hits you but does no damage.
Okay, then.
Really read
d - 4 scrolls of fear {!r}?
As you read the scroll of fear {!r}, it crumbles to dust.
You assume a fearsome visage.
The merfolk impaler looks frightened!
The merfolk looks frightened! x2
Your icy armour will break if you move.
Continue?
Okay, then.
Aiming: Breathe Steam (1% risk of failure)
Press: ? - help, Shift-Dir - straight line, f - merfolk, p - merfolk
Aim: a merfolk, wielding a +0 glaive (almost dead, fleeing, lightly drained, 67% to hit)
You exhale a blast of scalding steam.
Lugonu accepts your kill.
You feel a bit more experienced.
Your icy armour will break if you move.
Continue?
Okay, then.
Your icy armour will break if you move.
Continue?
Your icy armour cracks and falls away as you move.
Things that are here:
a +0 spear; a merfolk corpse You have got your breath back.
You enter the shallow water.
Moving in this stuff is going to be slow.
The merfolk throws a boomerang.
The boomerang hits you.
* * * LOW HITPOINT WARNING * * *
The merfolk throws a boomerang.
The boomerang completely misses you.
Splash!
You fall into the shallow water.
Moving in this stuff is going to be slow.
The merfolk throws a boomerang.
The boomerang barely misses you.
Aiming: Paralyse
Press: ? - help, Shift-Dir - straight line, f - merfolk
Aim: a merfolk, wielding a +0 glaive and quivering boomerangs (lightly wounded, chance to affect: 50%)
The merfolk suddenly stops moving!
The merfolk impaler closely misses you.
The helpless merfolk fails to defend itself.
You slash the merfolk! You drain the merfolk. You tail-slap the merfolk.
The merfolk is moderately wounded.
The merfolk impaler hits you from afar with a +0 trident!!
* * * LOW HITPOINT WARNING * * *
Okay, then.
Press: ? - help, Shift-Dir - straight line, f/p - merfolk
Aim: a merfolk, wielding a +0 glaive and quivering boomerangs (moderately wounded, paralysed, lightly drained, chance to affect: 80%)
The merfolk barely resists.
The merfolk twists and deforms.
You enter the shallow water.
Moving in this stuff is going to be slow.
Press: ? - help, Shift-Dir - straight line, f - merfolk impaler, p - merfolk
Aim: a merfolk impaler, wielding a +0 trident and wearing a +0 robe (lightly wounded, chance to affect: 77%)
The merfolk impaler barely resists.
The merfolk impaler twists and deforms.
Press: ? - help, Shift-Dir - straight line, f/p - merfolk impaler
Aim: a merfolk impaler, wielding a +0 trident and wearing a +0 robe (lightly wounded, misshapen and mutated, chance to affect: 83%)
The merfolk impaler barely resists.
The merfolk impaler twists and deforms.
Press: ? - help, Shift-Dir - straight line, f/p - merfolk impaler
Aim: a merfolk impaler, wielding a +0 trident and wearing a +0 robe (lightly wounded, misshapen and mutated, chance to affect: 83%)
The merfolk impaler barely resists.
The merfolk impaler twists and deforms.
The merfolk impaler hits you from afar with a +0 trident!
* * * LOW HITPOINT WARNING * * *
The merfolk impaler hits you from afar with a +0 trident!
* * * LOW HITPOINT WARNING * * *
Blink to where?
Press: ? - help, Dir - move target, p - merfolk impaler
As you read the scroll of blinking {@r4}, it crumbles to dust.
Press: ? - help, Shift-Dir - straight line, f - merfolk impaler
Aim: a merfolk impaler, wielding a +0 trident and wearing a +0 robe (lightly wounded, misshapen and mutated, chance to affect: 83%)
The merfolk impaler is devoured by a tear in reality.
Lugonu claims a new guest.
Your Shields skill increases to level 7!
You start resting.
A merfolk is nearby!
You start resting.
A merfolk is nearby!
Aiming: Paralyse
Press: ? - help, Shift-Dir - straight line, f - merfolk
Aim: a merfolk, wielding a +0 glaive and quivering boomerangs (moderately wounded, wandering, hasn't noticed you, chance to affect: 50%)
Okay, then.
Unknown command.
Press: ? - help, Shift-Dir - straight line, f - merfolk
Aim: a merfolk, wielding a +0 glaive and quivering boomerangs (moderately wounded, wandering, hasn't noticed you, chance to affect: 77%)
The merfolk shouts!
The merfolk barely resists.
The merfolk twists and deforms.
You block the merfolk's attack.
Press: ? - help, Shift-Dir - straight line, f/p - merfolk
Aim: a merfolk, wielding a +0 glaive and quivering boomerangs (moderately wounded, misshapen and mutated, chance to affect: 84%)
The merfolk is devoured by a tear in reality.
Lugonu claims a new guest.
You start resting.
Makhleb rains destruction down upon you!
The fireball explodes!
The fireball engulfs you!!
You die...

≈≈~~~≈≈≈≈≈≈≈≈≈≈≈≈≈≈≈≈
≈≈≈≈~~~~~~~≈≈≈≈~~~~~~≈≈≈≈
~≈≈~~~..~~~~~~~~~~~~~~~≈≈
~~.~≈≈~~~....~~~~~~~~~~~~~~≈
..~~≈≈~~.. #.~~~~~.~~~~~~~~≈
~~~~~~~~.###....~~§~~~~..~~≈
~..~~~~~..........~§.....~~~
~...~~~.~....##...§§.m.~~~~~
≈>......~..@###..~..#..~~~~~
~....~~....####.~~~###m~~~~~
.....~~...#.).....~~m~~~~~~~
........†..#......~~m~~~≈≈≈≈
####...##.)......m~~~~~≈≈≈~~
#(.# ##.~~~~~..~~~~~≈≈~~~
~~... #..~~~~~≈≈~~~≈≈≈~~~
~~.~. #..~~~~≈≈≈≈≈≈≈≈≈~~~
....., ......~≈≈≈≈≈≈≈≈≈~~~~


You could see the fury of Makhleb (unaware).

Vanquished Creatures
  A fire giant (D:15)
  A blizzard demon (Shoals:1)
  Snorg (Lair:5)
  A fire dragon (D:15)
  Josephine (Orc:1)
  2 hydras
  An ogre mage (D:15)
  4 vault guards (D:13)
  A catoblepas (D:14)
  A merfolk avatar (Shoals:1)
  4 death yaks (Lair:3)
  Erica (D:9)
  7 centaur warriors
  3 boulder beetles
  5 two-headed ogres
  2 tengu warriors (D:13)
  Urug (Lair:2)
  9 orc high priests (Orc:2)
  2 wretched stars (Abyss:2)
  Amaemon (Lair:2)
  Lodul (D:14)
  A skeletal warrior (D:13)
  2 skysharks
  A sea snake (Shoals:1)
  A wizard (D:14)
  2 deep elf pyromancers
  A harpy (Lair:5)
  2 orc sorcerers
  An orc knight (D:15)
  9 ugly things
  6 cyclopes
  8 manticores
  4 fauns
  2 black mambas
  4 merfolk sirens
  3 elephants (Lair:5)
  A guardian serpent (Lair:3)
  A smoke demon (Abyss:2)
  Maurice (D:10)
  3 water nymphs
  2 gargoyles
  An unseen horror (D:13)
  9 cane toads
  An orange demon (Lair:2)
  A rime drake (shapeshifter) (D:15)
  A rime drake (Lair:5)
  3 kobold demonologists (D:13)
  An efreet (D:15)
  10 komodo dragons
  2 tengu conjurers (D:13)
  10 polar bears
  7 trolls
  6 merfolk
  A large abomination (Abyss:2)
  4 wind drakes
  3 hornets
  8 snapping turtles
  21 blink frogs
  3 raiju (Abyss:2)
  9 slime creatures (D:12)
  14 dream sheep
  A centaur simulacrum (D:15)
  5 shadows
  54 yaks
  A culicivora (shapeshifter) (D:14)
  3 vampires
  2 water elementals (Shoals:1)
  3 basilisks
  6 wraiths
  8 wyverns
  A chaos spawn (Abyss:2)
  3 vampire mosquitoes (D:14)
  4 steam dragons
  9 wargs
  A harpy simulacrum (Abyss:2)
  15 water moccasins
  An acid dragon (D:11)
  17 orc warriors
  2 sky beasts
  6 black bears
  10 ogres
  13 centaurs
  8 wolves
  5 kobold brigands
  12 bullfrogs
  4 scorpions
  4 wights
  5 killer bees (D:10)
  9 electric eels
  6 howler monkeys
  9 hounds
  A gnoll bouda (Lair:3)
  3 small abominations (Abyss:2)
  41 orc priests
  6 jellies
  3 sleepcaps
  Terence (D:3)
  Natasha (thrice) (D:3)
  4 iguanas
  29 orc wizards
  11 adders
  4 gnolls
  A river rat (Sewer)
  A shadow imp (D:7)
  3 white imps
  3 ufetubi
  4 worms
  3 dart slugs
  94 orcs
  9 endoplasms
  A giant cockroach (D:4)
  5 goblins
  6 hobgoblins
  3 jackals (D:1)
  21 kobolds
  4 quokkas
  9 ball pythons
  5 bats
  2 frilled lizards
  11 rats
738 creatures vanquished.

Vanquished Creatures (collateral kills)
  A merfolk avatar (Lair:5)
  A death yak (Lair:3)
  A thrashing horror (Abyss:2)
  An ancient zyme (Abyss:2)
  A wight (Abyss:2)
  2 jellies (Lair:5)
7 creatures vanquished.

Vanquished Creatures (others)
  A blink frog (Lair:5)
  5 orcs
6 creatures vanquished.

Grand Total: 751 creatures vanquished

Notes
Turn   | Place    | Note
-------+----------+-------------------------------------------
     0 | D:1      | EnegeticOcto the Draconian Wanderer began the quest for the
                  | Orb.
     0 | D:1      | EnegeticOcto set off with the following items: a +0 short
                  | sword, a wand of flame (4) {@v4}, a potion of invisibility;
                  | and the following spell memorised: Sting; and the following
                  | spells available to memorise: Wereblood, Petrify.
     0 | D:1      | Reached XP level 1. HP: 14/14 MP: 2/2
   184 | D:1      | Reached skill level 1 in Stealth
   473 | D:1      | Reached XP level 2. HP: 20/20 MP: 0/3
   690 | D:1      | Reached skill level 2 in Stealth
  1206 | D:2      | Reached skill level 1 in Poison Magic
  1279 | D:2      | Reached skill level 1 in Fighting
  1279 | D:2      | Reached XP level 3. HP: 13/28 MP: 0/4
  1782 | D:2      | Reached skill level 2 in Fighting
  1970 | D:2      | Learned a level 1 spell: Summon Small Mammal
  2485 | D:3      | Noticed Natasha
  2508 | D:3      | Killed Natasha
  2509 | D:3      | Reached skill level 2 in Spellcasting
  2509 | D:3      | Reached XP level 4. HP: 21/36 MP: 3/7
  2607 | D:3      | Noticed Terence
  2614 | D:3      | Killed Terence
  2652 | D:3      | Noticed Natasha
  2659 | D:3      | Killed Natasha
  2660 | D:3      | Reached skill level 3 in Spellcasting
  2672 | D:3      | Reached XP level 5. HP: 41/41 MP: 9/9
  2760 | D:3      | Reached skill level 1 in Long Blades
  2880 | D:3      | Noticed Natasha
  2892 | D:3      | Killed Natasha
  2898 | D:3      | Found a glowing drain.
  2907 | Sewer    | Entered a sewer
  3007 | Sewer    | Reached skill level 2 in Long Blades
  3063 | Sewer    | Reached XP level 6. HP: 40/49 MP: 10/10
  3126 | Sewer    | Reached skill level 3 in Fighting
  3222 | Sewer    | Reached skill level 3 in Long Blades
  3600 | D:3      | Found a snail-covered altar of Cheibriados.
  3745 | D:3      | Found an ornate altar of the Wu Jian Council.
  3979 | D:4      | Reached skill level 4 in Long Blades
  4373 | D:4      | Reached skill level 4 in Fighting
  4373 | D:4      | Your scales start taking on a pale cyan-grey colour.
  4373 | D:4      | Reached XP level 7. HP: 59/59 MP: 11/11
  4373 | D:4      | Gained mutation: You are immune to the effects of steam.
                  | [Pale Draconian growth]
  4602 | D:4      | Identified a scroll of acquirement
  4605 | D:4      | Acquired the +2 pair of boots "Jaophut" {Dex+2}
  4733 | D:5      | Entered Level 5 of the Dungeon
  4764 | D:5      | Reached skill level 5 in Long Blades
  4836 | D:5      | Reached skill level 1 in Dodging
  5113 | D:5      | Reached skill level 6 in Long Blades
  5113 | D:5      | Reached skill level 2 in Dodging
  5137 | D:5      | Reached XP level 8. HP: 67/67 MP: 12/12
  5191 | D:5      | Found a hide-covered altar of Uskayaw.
  5590 | D:6      | Noticed a hornet
  5597 | D:6      | Paralysed by a hornet for 1 turns
  5600 | D:6      | Paralysed by a hornet for 1 turns
  5602 | D:6      | Killed a hornet
  5603 | D:6      | Reached skill level 5 in Fighting
  5757 | D:6      | Reached skill level 7 in Long Blades
  5851 | D:6      | Reached skill level 6 in Fighting
  6050 | D:6      | Reached skill level 8 in Long Blades
  6101 | D:6      | Found a staircase to the Ecumenical Temple.
  6109 | Temple   | Entered the Ecumenical Temple
  6114 | Temple   | Became a worshipper of Makhleb the Destroyer
  6240 | D:6      | Found a bloodstained altar of Trog.
  6442 | D:6      | Reached XP level 9. HP: 78/78 MP: 13/13
  6566 | D:7      | Identified the +2 scimitar "Mesmot Buwo" {freeze, rF+ Str+4
                  | Dex+2}
  6597 | D:7      | Reached skill level 7 in Fighting
  6671 | D:7      | Reached skill level 9 in Long Blades
  7015 | D:7      | Reached skill level 10 in Long Blades
  7576 | D:8      | Found a radiant altar of Vehumet.
  7698 | D:8      | Identified the +1 flail of Contention {vamp, +Blink rF++
                  | Will- SInv}
  7850 | D:8      | Noticed a komodo dragon
  7864 | D:8      | Killed a komodo dragon
  7865 | D:8      | Reached skill level 11 in Long Blades
  8298 | D:9      | Identified the +9 trident of Abe Bom {venom, Fly rElec
                  | Dex+3}
  8326 | D:9      | Reached * piety under Makhleb
  8627 | D:9      | Found a runed translucent gate.
  8628 | D:9      | Noticed a manticore
  8640 | D:9      | Reached XP level 10. HP: 84/86 MP: 14/14
  8714 | D:9      | Noticed Erica
  8721 | D:9      | Killed Erica
  8722 | D:9      | Reached skill level 12 in Long Blades
  8788 | D:9      | Found a runed translucent gate.
  8788 | D:9      | Found a runed translucent gate.
  8788 | D:9      | Noticed a manticore
  8788 | D:9      | Noticed a manticore
  8952 | D:9      | Found Jevyekh's Distillery.
  8957 | D:9      | Bought a potion of curing for 36 gold pieces
  8957 | D:9      | Bought a potion of might for 48 gold pieces
  8957 | D:9      | Bought a potion of lignification for 36 gold pieces
  8957 | D:9      | Bought a potion of lignification for 36 gold pieces
  8957 | D:9      | Bought a potion of degeneration for 12 gold pieces
  9128 | D:10     | Entered Level 10 of the Dungeon
  9208 | D:10     | Found a basalt altar of Yredelemnul.
  9210 | D:10     | Found a shimmering altar of Xom.
  9211 | D:10     | Found a shimmering blue altar of Sif Muna.
  9219 | D:10     | Found an iron altar of Okawaru.
  9219 | D:10     | Found an opulent altar of Gozag.
  9242 | D:10     | Found a white marble altar of Elyvilon.
  9284 | D:10     | Reached skill level 1 in Summonings
  9284 | D:10     | Reached skill level 1 in Invocations
  9553 | D:10     | Reached skill level 2 in Invocations
  9593 | D:10     | Identified the +0 dagger of Eternal Harmony {vamp, Drain
                  | rC+ Str+3}
  9757 | D:10     | Reached skill level 13 in Long Blades
  9764 | D:10     | Reached ** piety under Makhleb
  9765 | D:10     | Reached skill level 3 in Dodging
  9777 | D:10     | Reached skill level 3 in Invocations
  9990 | D:10     | Found a staircase to the Orcish Mines.
 10076 | D:10     | Noticed Maurice
 10086 | D:10     | Killed Maurice
 10469 | D:10     | Reached skill level 4 in Dodging
 10527 | D:10     | Found a shadowy altar of Dithmenos.
 10605 | D:11     | Reached skill level 4 in Invocations
 10605 | D:11     | Reached XP level 11. HP: 79/92 MP: 15/15
 10690 | D:11     | Noticed a purple ugly thing
 10702 | D:11     | Killed a purple ugly thing
 10719 | D:11     | Noticed a two-headed ogre
 10869 | D:11     | Killed a two-headed ogre
 10934 | D:11     | Reached skill level 5 in Invocations
 11090 | D:11     | Reached skill level 5 in Dodging
 11144 | D:11     | Found a staircase to the Lair.
 11248 | D:11     | Reached skill level 6 in Invocations
 11332 | D:11     | Found a broken altar of Ashenzari.
 11626 | Lair:1   | Entered Level 1 of the Lair of Beasts
 11651 | Lair:1   | Reached skill level 6 in Dodging
 11694 | Lair:1   | Reached skill level 7 in Invocations
 11742 | Lair:1   | Reached *** piety under Makhleb
 11745 | Lair:1   | Reached skill level 8 in Invocations
 11810 | Lair:1   | Reached skill level 9 in Invocations
 11839 | Lair:1   | Found a dark tunnel.
 11870 | Volcano  | Entered a volcano
 11873 | Volcano  | Noticed a red ugly thing
 11883 | Volcano  | Killed a red ugly thing
 11884 | Volcano  | Reached skill level 10 in Invocations
 12054 | Lair:1   | Reached XP level 12. HP: 100/100 MP: 19/19
 12152 | Lair:1   | Reached skill level 3 in Evocations
 12561 | Lair:1   | Learned a level 3 spell: Ozocubu's Armour
 12603 | Lair:2   | Noticed Urug
 12626 | Lair:2   | Killed Urug
 12627 | Lair:2   | Reached skill level 1 in Ice Magic
 12812 | Lair:2   | Reached skill level 4 in Evocations
 12865 | Lair:2   | Noticed Amaemon
 12871 | Lair:2   | Reached skill level 8 in Fighting
 12871 | Lair:2   | Reached skill level 2 in Ice Magic
 12876 | Lair:2   | Killed Amaemon
 12880 | Lair:2   | Reached skill level 3 in Ice Magic
 13104 | Lair:2   | Reached **** piety under Makhleb
 13178 | Lair:2   | Reached skill level 4 in Ice Magic
 13233 | Lair:2   | Reached skill level 9 in Fighting
 13634 | Lair:2   | Reached skill level 10 in Fighting
 14016 | Lair:3   | Reached skill level 4 in Spellcasting
 14164 | Lair:3   | Reached skill level 7 in Dodging
 14297 | Lair:3   | Found a staircase to the Snake Pit.
 14420 | Lair:3   | Reached skill level 5 in Spellcasting
 14501 | Lair:3   | Noticed a death yak
 14522 | Lair:3   | Killed a death yak
 14577 | Lair:3   | Noticed a death yak
 14577 | Lair:3   | Noticed a death yak
 14622 | Lair:3   | Noticed a death yak
 14624 | Lair:3   | Noticed a death yak
 14632 | Lair:3   | Killed a death yak
 14633 | Lair:3   | Reached XP level 13. HP: 106/113 MP: 20/20
 14650 | Lair:3   | Reached skill level 8 in Dodging
 14879 | Lair:3   | Found a staircase to the Shoals.
 15476 | Lair:4   | Reached skill level 9 in Dodging
 15970 | Lair:4   | Reached skill level 5 in Ice Magic
 16266 | Lair:5   | Entered Level 5 of the Lair of Beasts
 16376 | Lair:5   | Found a staircase to the Slime Pits.
 16380 | Lair:5   | Noticed Snorg
 16390 | Lair:5   | Reached skill level 6 in Ice Magic
 16395 | Lair:5   | Killed Snorg
 16577 | Lair:5   | Reached skill level 10 in Dodging
 16621 | Lair:5   | Reached skill level 7 in Ice Magic
 16903 | Lair:5   | Reached skill level 5 in Evocations
 16909 | Lair:5   | Reached ***** piety under Makhleb
 17293 | Lair:5   | Reached skill level 6 in Evocations
 17485 | Lair:5   | Identified the +1 ring mail of Pandemonium {rPois rN+
                  | Regen+ Int-5}
 17543 | Lair:5   | Reached skill level 7 in Evocations
 17822 | Orc:1    | Entered Level 1 of the Orcish Mines
 17860 | Orc:2    | Entered Level 2 of the Orcish Mines
 17931 | Orc:1    | Noticed Josephine
 17948 | Orc:1    | Killed Josephine
 18017 | Orc:1    | Reached skill level 8 in Evocations
 18324 | Orc:1    | Noticed Sonja
 18325 | Orc:1    | Sonja changed into Sonja the hornet
 18325 | Orc:1    | Noticed Sonja
 18332 | Orc:1    | Killed Sonja the hornet
 18333 | Orc:1    | Reached XP level 14. HP: 120/121 MP: 21/21
 18619 | Orc:2    | Learned a level 1 spell: Apportation
 18622 | Orc:2    | Learned a level 2 spell: Blink
 18742 | Orc:2    | Reached skill level 3 in Stealth
 18793 | Orc:2    | Reached skill level 4 in Stealth
 18839 | Orc:2    | Reached skill level 11 in Fighting
 18873 | Orc:2    | Found Deunnail's Assorted Antiques.
 18873 | Orc:2    | Found Awaess's Jewellery Shop.
 18878 | Orc:2    | Bought a potion of heal wounds for 180 gold pieces
 18963 | Orc:2    | Found a staircase to the Elven Halls.
 19196 | Orc:2    | Found Qod Boz's General Store.
 19196 | Orc:2    | Found Hotwetz's Antique Armour Emporium.
 19419 | Orc:2    | Bought 3 scrolls of butterflies for 156 gold pieces
 19419 | Orc:2    | Bought a scroll of fear for 52 gold pieces
 19419 | Orc:2    | Bought a potion of resistance for 130 gold pieces
 19449 | Orc:2    | Bought a +4 ring of protection for 612 gold pieces
 19449 | Orc:2    | Bought a ring of willpower for 425 gold pieces
 19611 | D:12     | Reached skill level 12 in Fighting
 20538 | D:12     | Reached skill level 11 in Invocations
 20604 | D:12     | Found Louschal's Book Shop.
 20926 | D:13     | Identified the +7 dagger "Garo Bienu" {flame, rElec rPois
                  | Int-4}
 21080 | D:13     | Found a gate to the Vaults.
 21083 | D:13     | Reached skill level 12 in Invocations
 21083 | D:13     | Reached ****** piety under Makhleb
 21106 | D:13     | Reached skill level 13 in Invocations
 21329 | D:13     | Found a stormy altar of Qazlal.
 21545 | D:14     | Found a white marble altar of Elyvilon.
 21732 | Abyss:2  | Found a corrupted altar of Lugonu.
 21732 | Abyss:2  | Cast into level 2 of the Abyss (a wizard)
 21734 | Abyss:2  | Found a corrupted altar of Lugonu.
 22131 | Abyss:2  | Reached skill level 14 in Invocations
 22143 | Abyss:2  | Reached XP level 15. HP: 110/132 MP: 25/25
 22231 | Abyss:2  | Found a corrupted altar of Lugonu.
 22284 | Abyss:2  | Fell from the grace of Makhleb
 22284 | Abyss:2  | Became a worshipper of Lugonu the Unformed
 22284 | Abyss:2  | Reached * piety under Lugonu
 22284 | Abyss:2  | Reached ** piety under Lugonu
 22285 | D:14     | Escaped the Abyss
 22483 | D:14     | Noticed Lodul
 22511 | D:14     | Killed Lodul
 23119 | D:15     | Entered Level 15 of the Dungeon
 23348 | D:15     | Reached skill level 15 in Invocations
 23619 | D:15     | Found a staircase to the Depths.
 23651 | D:15     | Found Sempueg's Distillery.
 23855 | D:15     | Bought 2 potions of curing for 72 gold pieces
 23898 | D:15     | Paralysed by an ogre mage for 3 turns
 24010 | D:15     | Found a shimmering blue altar of Sif Muna.
 24222 | D:15     | Reached skill level 13 in Fighting
 24654 | D:15     | Noticed a fire giant
 24759 | D:15     | Killed a fire giant
 25369 | D:9      | Reached *** piety under Lugonu
 25386 | D:9      | Reached skill level 14 in Fighting
 25421 | D:9      | Identified the +8 rapier of Intimidation {flame, Str+6
                  | Stlth-}
 25891 | Shoals:1 | Entered Level 1 of the Shoals
 26210 | Shoals:1 | Reached skill level 1 in Shields
 26262 | Shoals:1 | Reached skill level 2 in Shields
 26559 | Shoals:1 | Noticed Mlioglotl
 26565 | Shoals:1 | Paralysed by accursed screaming for 1 turns
 26567 | Shoals:1 | Banished Mlioglotl
 26568 | Shoals:1 | Reached skill level 3 in Shields
 26726 | Shoals:1 | Identified the +7 arbalest of Checkmate {penet, MP+9
                  | Stlth+}
 26755 | Shoals:1 | Reached skill level 4 in Shields
 27457 | Shoals:1 | Reached skill level 5 in Shields
 28187 | Shoals:2 | Found a glowing golden altar of the Shining One.
 28211 | Shoals:2 | Reached skill level 6 in Shields
 28667 | Shoals:2 | HP: 1/138 [merfolk impaler/+0 trident (7)]
 28671 | Shoals:2 | Reached skill level 7 in Shields
 28730 | Shoals:2 | Killed by a fireball

Illustrated notes

Levels and vault maps discovered:
D:1:      lightli_arrival_farm, layout_basic
D:2:      layout_loops_corners
D:3:      layout_basic, mainiacjoe_overflow_alcove_4, general_overflow_altar,
          cheibrodos_sewer_entry_bend, uniq_natasha, uniq_terence
D:4:      layout_loops_ring
D:5:      cheibrodos_quashed, layout_loops_cross, nicolae_uskayaw_suspiria
D:6:      layout_rooms, mainiacjoe_overflow_catwalk, temple_green, serial_glass,
          glass_columns_b, glass_columns_a, glass_columns_b, glass_columns_b,
          glass_columns_b, kennysheep_windowed_goal
D:7:      layout_basic
D:8:      nicolae_hitomezashi [nicolae_hito_row, nicolae_hito_row,
          nicolae_hito_row, nicolae_hito_row, nicolae_hito_row,
          nicolae_hito_row, nicolae_hito_row, nicolae_hito_row,
          nicolae_hito_row, nicolae_hito_row, nicolae_hito_row,
          nicolae_hito_row, nicolae_hito_row, nicolae_hito_row,
          nicolae_hito_row, nicolae_hito_row, nicolae_hito_row,
          nicolae_hito_row], layout_loops_ring, mainiacjoe_overflow_tiny_flanked
D:9:      lemuel_bear_cage, layout_irregular_city, serial_shops,
          nicolae_square_shop, dreamdust_princess_bridge, uniq_erica
D:10:     minmay_evil_eye, layout_basic, marbit_many_paths,
          minmay_overflow_temple_star_hex, mainiacjoe_overflow_cross_hatched,
          minmay_orc_entry_guard_dogs, uniq_maurice
D:11:     layout_irregular_city, erik_lair_island, cheibrodos_ashenzari_chains
D:12:     layout_roguey, serial_shops, nicolae_shop_trees,
          kennysheep_generic_room_6
D:13:     layout_big_octagon, lightli_vaults_fourway_checkpoint,
          nicolae_qazlal_eye_of_the_storm
D:14:     layout_cave_pods, lemuel_round_altar, uniq_lodul
D:15:     grunt_enter_depths_giant_problem, layout_layer_cave, led_sif_pool,
          serial_shops, shop
Temple:   hellmonk_temple_micro_hex
Lair:1:   layout_gridlike, nicolae_volcano_entry_lava_flow, grunt_megastairs_3,
          lemuel_fruit_tree
Lair:2:   layout_cave_pods, columned_hall_lemuel, grunt_megastairs_4,
          uniq_amaemon, uniq_urug
Lair:3:   layout_roguey, shoals_dummy_entry, minmay_snake_entry_spellcaster,
          eino_small_chamber_without_monster, minivault_23,
          dreamdust_gnoll_shepherd, lemuel_fruit_fields, serial_bayou_shore_b,
          infiniplex_staircase_pool
Lair:4:   layout_long_grid, cheibrodos_lair_lostbears
Lair:5:   gammafunk_lair_ancient_temple, layout_gridlike,
          nicolae_slime_entry_field_trip, serial_bayou_pond_e, st_stairs_5,
          uniq_snorg
Shoals:1: layout_shoals, uniq_mlioglotl
Shoals:2: layout_shoals, lemuel_centaur_altar
Orc:1:    layout_diamond_mine, basic_altar, uniq_sonja, uniq_josephine
Orc:2:    st_orc_town, layout_diamond_mine, basic_altar, guppyfry_library_mini

Skill      XL: |  1  2  3  4  5  6  7  8  9 10 11 12 13 14 15 |
---------------+----------------------------------------------+-----
Stealth        | 1 2 4 |  4.0
Poison Magic   | 1 |  1.0
Fighting       | 1 2 4 6 7 10 12 14 | 14.0
Spellcasting   | 2 3 5 |  5.0
Long Blades    | 2 4 6 8 11 13 | 13.9
Dodging        | 2 4 6 7 10 | 10.0
Summonings     | 1 |  1.0
Invocations    | 4 10 14 15 | 15.0
Evocations     | 4 8 |  8.0
Ice Magic      | 4 7 |  7.0
Shields        | 7 |  7.1
Short Blades   | |  2.0
Transmutations | |  5.0

Action                     |  1- 3 |  4- 6 |  7- 9 | 10-12 | 13-15 || total
---------------------------+-------+-------+-------+-------+-------++-------
  Melee: Short sword       |    23 |       |       |       |       ||    23
         Punch             |     1 |       |     3 |     4 |    10 ||    18
         Unarmed           |     6 |       |     3 |       |       ||     9
         Long sword        |       |   134 |   200 |   455 |  1228 ||  2017
         Tailslap          |       |     4 |    23 |    63 |   253 ||   343
   Fire: Sling             |    60 |       |       |       |       ||    60
  Throw: Dart              |       |     2 |       |       |       ||     2
   Cast: Sting             |    45 |     4 |       |       |       ||    49
         Summon Small Mamm |       |       |     1 |       |     1 ||     2
         Ozocubu's Armour  |       |       |       |    11 |    38 ||    49
 Invoke: Minor Destruction |       |       |       |    94 |    32 ||   126
         Lesser Servant of |       |       |       |     1 |     7 ||     8
         Major Destruction |       |       |       |       |    20 ||    20
         Banish            |       |       |       |       |    11 ||    11
         Depart the Abyss  |       |       |       |       |     1 ||     1
Ability: Breathe Steam     |       |       |     6 |    20 |    37 ||    63
  Evoke: Wand              |       |       |       |     7 |    11 ||    18
         Phial of floods   |       |       |       |       |     1 ||     1
    Use: Scroll            |     4 |     1 |    10 |    10 |    15 ||    40
         Potion            |     3 |       |     1 |       |    10 ||    14
   Stab: Sleeping          |       |       |     7 |     3 |     9 ||    19
         Distracted        |       |       |     1 |     1 |     2 ||     4
         Paralysed         |       |       |       |       |     1 ||     1
 Armour: Skin              |    43 |    32 |    64 |   122 |   510 ||   771
  Dodge: Dodged            |    45 |    56 |    88 |   181 |   922 ||  1292
  Block: Buckler           |       |       |       |       |    55 ||    55

Table legend: (Time is in decaauts)
 A = Elapsed time spent in this place.
 B = Non-inter-level travel time spent in this place.
 C = Inter-level travel time spent in this place.
 D = Time resting spent in this place.
 E = Time spent auto-exploring this place.
 F = Levels seen in this place.
 G = Mean time per level.
                   A        B        C        D        E       F      G
               +--------+--------+--------+--------+--------+-----+--------+
         Total |  28547 |  26547 |   2000 |   3615 |  17411 |  28 | 1019.5 |
       Dungeon |  17102 |  15589 |   1513 |   1526 |  11321 |  15 | 1140.1 |
        Temple |     10 |     10 |      0 |      0 |      0 |   1 |   10.0 |
          Lair |   6055 |   5732 |    323 |    532 |   3927 |   5 | 1211.0 |
        Shoals |   2602 |   2564 |     38 |    998 |   1000 |   2 | 1301.0 |
  Orcish Mines |   1614 |   1490 |    124 |    177 |    923 |   2 |  807.0 |
         Abyss |    521 |    521 |      0 |    280 |      0 |   1 |  521.0 |
         Sewer |    531 |    531 |      0 |     20 |    239 |   1 |  531.0 |
       Volcano |    110 |    110 |      0 |     81 |      0 |   1 |  110.0 |
               +--------+--------+--------+--------+--------+-----+--------+

Top non-repeatable levels by time:
    D:15: 2004 daAuts
Shoals:1: 1953 daAuts
    D:10: 1502 daAuts
  Lair:2: 1382 daAuts
  Lair:5: 1340 daAuts
    D:11: 1334 daAuts
  Lair:3: 1307 daAuts
    D:12: 1265 daAuts
     D:1: 1255 daAuts
     D:2: 1231 daAuts
    D:14: 1206 daAuts
  Lair:4: 1112 daAuts
     D:7: 1096 daAuts
     D:9: 1071 daAuts
     D:3: 1044 daAuts
